General information
- name: BNet
- type: Ladder team game (AT/RT)
- host: Battle.net
- saver: Jade
map: Deadlands
- players: 8
- length: 45:50
- speed: Fast
- version: 1.26 W3XP
- replay type: Public
» download(341 KB)
Players
team 1 (winner)

»
AUDUSD (
blue | 91 APM | 2824 actions | 30:53)
5 Tauren Chieftain
3 Shockwave
2 Endurance Aura
3 Shadow Hunter
2 Healing Wave
1 Hex
» actions
| Assign group hotkey | 48 | |
| Basic commands | 76 | |
| Build / train | 89 | |
| ESC pressed | 2 | |
| Enter build submenu | 23 | |
| Enter hero's abilities submenu | 8 | |
| Right click | 947 | |
| Select / deselect | 348 | |
| Select group hotkey | 1138 | |
| Use ability | 143 | |
2824 total
» units
| Peon | 9 | |
| Raider | 15 | |
| Shaman | 4 | |
| Wind Rider | 2 | |
30 total
» upgrades
| Armor | 3 | |
| Melee Weapons | 3 | |
| Pillage | 1 | |
| Ensnare | 1 | |
| Envenomed Spears | 1 | |
| Reinforced Defenses | 1 | |
| Shaman Training | 2 | |
| Ranged Weapons | 2 | |
14 total
» buildings
| Orc Burrow | 6 | |
| Altar of Storms | 1 | |
| War Mill | 1 | |
| Stronghold | 2 | |
| Watch Tower | 8 | |
| Beastiary | 3 | |
| Fortress | 1 | |
| Voodoo Lounge | 1 | |
| Spirit Lodge | 1 | |
| Great Hall | 2 | |
26 total
» build order
00:10 Orc Burrow
01:05 Altar of Storms
01:22 War Mill
02:21 Stronghold
02:42 Watch Tower
03:48 Orc Burrow
04:46 Beastiary
04:50 Beastiary
04:53 Beastiary
05:07 Orc Burrow
05:57 Orc Burrow
08:34 Fortress
12:58 Voodoo Lounge
13:42 Spirit Lodge
16:15 Orc Burrow
17:27 Orc Burrow
19:14 Great Hall
20:28 Watch Tower
20:34 Watch Tower
20:36 Watch Tower
22:56 Great Hall
23:52 Watch Tower
26:48 Watch Tower
27:54 Watch Tower
27:57 Watch Tower
» items
| Healing Salve | 6 | |
| Scroll of Speed | 2 | |
| Scroll of Town Portal | 5 | |
| Scroll of Regeneration | 1 | |
| Orb of Lightning | 1 | |
15 total
Jade (
purple | 82 APM | 3763 actions | 45:50)
10 Blademaster
3 Wind Walk
3 Critical Strike
1 Bladestorm
3 Mirror Image
1 Priestess of the Moon
1 Scout
2 Archmage
1 Brilliance Aura
1 Blizzard
» actions
| Assign group hotkey | 51 | |
| Basic commands | 95 | |
| Build / train | 81 | |
| Enter build submenu | 21 | |
| Enter hero's abilities submenu | 13 | |
| Right click | 2244 | |
| Select / deselect | 573 | |
| Select group hotkey | 560 | |
| Use ability | 125 | |
3763 total
» units
| Peon | 9 | |
| Wind Rider | 17 | |
| Wisp | 10 | |
| Chimaera | 2 | |
| Dryad | 3 | |
41 total
» upgrades
| Ranged Weapons | 3 | |
| Envenomed Spears | 1 | |
| Reinforced Defenses | 1 | |
| Armor | 3 | |
8 total
» buildings
| Altar of Storms | 1 | |
| Orc Burrow | 6 | |
| Voodoo Lounge | 1 | |
| War Mill | 1 | |
| Stronghold | 4 | |
| Beastiary | 2 | |
| Fortress | 1 | |
| Great Hall | 2 | |
| Watch Tower | 6 | |
| Altar of Elders | 1 | |
| Ancient of Lore | 2 | |
27 total
» build order
00:04 Altar of Storms
00:14 Orc Burrow
00:53 Voodoo Lounge
01:27 War Mill
02:31 Stronghold
02:31 Stronghold
02:31 Stronghold
03:18 Orc Burrow
03:19 Orc Burrow
03:21 Orc Burrow
05:10 Beastiary
05:12 Beastiary
05:18 Fortress
08:33 Orc Burrow
10:39 Orc Burrow
24:28 Great Hall
29:26 Great Hall
31:36 Watch Tower
31:36 Watch Tower
31:37 Watch Tower
31:39 Watch Tower
31:39 Watch Tower
31:42 Watch Tower
34:10 Altar of Elders
35:07 Ancient of Lore
35:07 Ancient of Lore
» items
| Healing Salve | 4 | |
| Lesser Clarity Potion | 6 | |
| Scroll of Speed | 1 | |
| Orb of Lightning | 1 | |
| Scroll of Regeneration | 1 | |
13 total
pandaren404 (
teal | 37 APM | 1155 actions | 30:58)
7 Priestess of the Moon
3 Trueshot Aura
3 Searing Arrows
1 Starfall
» actions
| Assign group hotkey | 63 | |
| Basic commands | 17 | |
| Build / train | 80 | |
| Enter build submenu | 21 | |
| Enter hero's abilities submenu | 7 | |
| Give item / drop item | 5 | |
| Remove unit from queue | 1 | |
| Right click | 384 | |
| Select / deselect | 260 | |
| Select group hotkey | 265 | |
| Use ability | 52 | |
1155 total
» units
| Wisp | 19 | |
| Dryad | 18 | |
| Mountain Giant | 1 | |
| Chimaera | 4 | |
42 total
» upgrades
| Strength of the Wild | 3 | |
| Nature's Blessing | 1 | |
| Reinforced Hides | 3 | |
| Abolish Magic | 1 | |
| Druid of the Claw Training | 2 | |
| Mark of the Claw | 1 | |
| Well Spring | 1 | |
| Hardened Skin | 1 | |
| Resistant Skin | 1 | |
| Ultravision | 1 | |
| Corrosive Breath | 1 | |
16 total
» buildings
| Moon Well | 6 | |
| Altar of Elders | 1 | |
| Tree of Ages | 1 | |
| Hunter's Hall | 1 | |
| Ancient of Lore | 2 | |
| Ancient Protector | 5 | |
| Tree of Eternity | 1 | |
| Ancient of Wonders | 1 | |
| Tree of Life | 1 | |
| Ancient of Wind | 1 | |
| Chimaera Roost | 2 | |
22 total
» build order
00:26 Moon Well
00:46 Altar of Elders
02:04 Moon Well
02:52 Tree of Ages
02:56 Hunter's Hall
03:11 Moon Well
04:14 Moon Well
05:18 Ancient of Lore
05:24 Ancient of Lore
05:36 Ancient Protector
05:48 Ancient Protector
05:54 Ancient Protector
06:06 Ancient Protector
08:54 Tree of Eternity
13:25 Moon Well
15:15 Ancient of Wonders
21:17 Ancient Protector
24:23 Tree of Life
25:49 Ancient of Wind
27:01 Chimaera Roost
27:04 Chimaera Roost
27:51 Moon Well
» items
| Scroll of Town Portal | 2 | |
| Boots of Speed | 1 | |
| Scroll of Healing | 1 | |
| Potion of Lesser Invulnerability | 1 | |
| Periapt of Vitality | 1 | |
| Anti-magic Potion | 2 | |
| Potion of Healing | 1 | |
| Moonstone | 1 | |
10 total

»
Toocold (
orange | 65 APM | 2184 actions | 33:49)
7 Archmage
3 Summon Water Elemental
2 Brilliance Aura
1 Blizzard
1 Mass Teleport
» actions
| Assign group hotkey | 65 | |
| Build / train | 75 | |
| Enter build submenu | 28 | |
| Enter hero's abilities submenu | 7 | |
| Give item / drop item | 2 | |
| Remove unit from queue | 1 | |
| Right click | 856 | |
| Select / deselect | 627 | |
| Select group hotkey | 442 | |
| Use ability | 81 | |
2184 total
» units
| Peasant | 15 | |
| Footman | 8 | |
| Knight | 9 | |
| Rifleman | 13 | |
45 total
» upgrades
| Swords | 3 | |
| Plating | 3 | |
| Animal War Training | 1 | |
| Long Rifles | 1 | |
| Gunpowder | 1 | |
| Armor | 1 | |
| Lumber Harvesting | 1 | |
11 total
» buildings
| Altar of Kings | 1 | |
| Farm | 12 | |
| Arcane Vault | 1 | |
| Barracks | 3 | |
| Lumber Mill | 2 | |
| Keep | 1 | |
| Blacksmith | 1 | |
| Castle | 2 | |
| Town Hall | 2 | |
25 total
» build order
00:19 Altar of Kings
00:22 Farm
00:51 Arcane Vault
01:12 Farm
01:36 Barracks
01:53 Farm
02:27 Lumber Mill
02:47 Farm
03:51 Farm
04:15 Keep
05:14 Farm
05:24 Barracks
05:44 Blacksmith
06:34 Farm
06:36 Farm
06:42 Castle
06:42 Castle
09:27 Town Hall
11:48 Farm
16:21 Barracks
17:07 Lumber Mill
17:46 Farm
19:23 Farm
20:38 Farm
24:23 Town Hall
» items
| Scroll of Regeneration | 1 | |
| Healing Salve | 1 | |
| Scroll of Town Portal | 3 | |
| Potion of Healing | 1 | |
| Ivory Tower | 1 | |
7 total
team 2 (loser)
xLr (
yellow | 72 APM | 3311 actions | 45:47)
6 Death Knight
3 Death Coil
2 Unholy Aura
1 Animate Dead
4 Lich
2 Frost Nova
2 Frost Armor
1 Demon Hunter
1 Mana Burn
1 Pit Lord
1 Doom
» actions
| Assign group hotkey | 53 | |
| Basic commands | 836 | |
| Build / train | 82 | |
| ESC pressed | 4 | |
| Enter build submenu | 27 | |
| Enter hero's abilities submenu | 13 | |
| Give item / drop item | 1 | |
| Remove unit from queue | 17 | |
| Right click | 1022 | |
| Select / deselect | 441 | |
| Select group hotkey | 700 | |
| Use ability | 115 | |
3311 total
» units
| Acolyte | 9 | |
| Ghoul | 13 | |
| Crypt Fiend | 7 | |
| Gargoyle | 7 | |
36 total
» upgrades
| Web | 1 | |
| Unholy Strength | 1 | |
| Ghoul Frenzy | 1 | |
3 total
» buildings
| Crypt | 3 | |
| Graveyard | 1 | |
| Altar of Darkness | 1 | |
| Ziggurat | 8 | |
| Tomb of Relics | 2 | |
| Nerubian Tower | 1 | |
| Halls of the Dead | 2 | |
| Black Citadel | 2 | |
| Spirit Tower | 1 | |
| Necropolis | 1 | |
22 total
» build order
00:13 Crypt
00:20 Graveyard
00:43 Altar of Darkness
01:03 Ziggurat
01:29 Tomb of Relics
02:03 Ziggurat
03:39 Nerubian Tower
04:34 Ziggurat
05:05 Halls of the Dead
05:10 Ziggurat
05:58 Ziggurat
09:20 Ziggurat
10:46 Black Citadel
11:41 Spirit Tower
15:22 Crypt
16:06 Ziggurat
17:27 Tomb of Relics
20:10 Necropolis
24:43 Crypt
25:55 Halls of the Dead
28:25 Black Citadel
29:42 Ziggurat
» items
| Rod of Necromancy | 1 | |
| Dust of Appearance | 1 | |
| Scroll of Town Portal | 2 | |
4 total

»
TOXlCNARCOTIC (
pink | 186 APM | 8528 actions | 45:44)
8 Death Knight
3 Death Coil
3 Unholy Aura
1 Animate Dead
1 Death Pact
8 Lich
3 Frost Nova
3 Dark Ritual
1 Death and Decay
1 Frost Armor
4 Dreadlord
2 Sleep
2 Vampiric Aura
1 Priestess of the Moon
1 Trueshot Aura
» actions
| Assign group hotkey | 98 | |
| Basic commands | 837 | |
| Build / train | 133 | |
| ESC pressed | 10 | |
| Enter build submenu | 36 | |
| Enter hero's abilities submenu | 21 | |
| Give item / drop item | 6 | |
| Right click | 2223 | |
| Select / deselect | 1190 | |
| Select group hotkey | 3645 | |
| Use ability | 329 | |
8528 total
» units
| Acolyte | 18 | |
| Ghoul | 5 | |
| Crypt Fiend | 21 | |
| Frost Wyrm | 14 | |
| Dryad | 1 | |
59 total
» upgrades
| Creature Attack | 3 | |
| Creature Carapace | 1 | |
| Web | 1 | |
| Freezing Breath | 1 | |
| Ghoul Frenzy | 1 | |
7 total
» buildings
| Graveyard | 1 | |
| Crypt | 1 | |
| Ziggurat | 10 | |
| Altar of Darkness | 1 | |
| Tomb of Relics | 2 | |
| Nerubian Tower | 3 | |
| Halls of the Dead | 3 | |
| Necropolis | 4 | |
| Spirit Tower | 7 | |
| Black Citadel | 2 | |
| Sacrificial Pit | 1 | |
| Boneyard | 2 | |
37 total
» build order
00:10 Graveyard
00:13 Crypt
00:45 Ziggurat
01:05 Altar of Darkness
01:49 Tomb of Relics
02:05 Ziggurat
03:47 Ziggurat
05:15 Nerubian Tower
05:53 Halls of the Dead
05:53 Halls of the Dead
05:53 Halls of the Dead
06:21 Ziggurat
07:01 Ziggurat
07:04 Necropolis
07:08 Ziggurat
07:09 Tomb of Relics
08:05 Nerubian Tower
08:05 Spirit Tower
08:05 Spirit Tower
08:19 Necropolis
08:41 Ziggurat
09:58 Black Citadel
09:58 Black Citadel
10:01 Spirit Tower
10:03 Ziggurat
10:19 Spirit Tower
10:40 Sacrificial Pit
12:22 Boneyard
12:24 Boneyard
25:49 Spirit Tower
25:51 Spirit Tower
30:23 Necropolis
37:29 Ziggurat
37:31 Ziggurat
37:33 Necropolis
39:16 Nerubian Tower
39:19 Spirit Tower
» items
| Rod of Necromancy | 4 | |
| Dust of Appearance | 1 | |
| Scroll of Town Portal | 7 | |
| Orb of Corruption | 1 | |
| Potion of Mana | 2 | |
| Potion of Healing | 1 | |
| Potion of Lesser Invulnerability | 1 | |
| Scroll of Healing | 2 | |
19 total

»
pup_pinK (
green | 66 APM | 2089 actions | 31:45)
5 Pit Lord
3 Howl of Terror
2 Cleaving Attack
4 Death Knight
2 Death Coil
2 Unholy Aura
» actions
| Assign group hotkey | 9 | |
| Basic commands | 98 | |
| Build / train | 75 | |
| ESC pressed | 3 | |
| Enter build submenu | 20 | |
| Enter hero's abilities submenu | 9 | |
| Give item / drop item | 1 | |
| Right click | 1068 | |
| Select / deselect | 416 | |
| Select group hotkey | 289 | |
| Use ability | 101 | |
2089 total
» units
| Acolyte | 9 | |
| Ghoul | 7 | |
| Crypt Fiend | 13 | |
| Obsidian Statue | 10 | |
39 total
» upgrades
| Creature Attack | 2 | |
| Creature Carapace | 1 | |
| Web | 1 | |
| Destroyer Form | 1 | |
5 total
» buildings
| Graveyard | 1 | |
| Crypt | 1 | |
| Ziggurat | 9 | |
| Altar of Darkness | 1 | |
| Tomb of Relics | 1 | |
| Halls of the Dead | 4 | |
| Slaughterhouse | 1 | |
| Black Citadel | 3 | |
| Necropolis | 1 | |
| Spirit Tower | 1 | |
| Nerubian Tower | 1 | |
| Sacrificial Pit | 1 | |
25 total
» build order
00:18 Graveyard
00:21 Crypt
00:43 Ziggurat
01:00 Altar of Darkness
01:17 Tomb of Relics
02:29 Ziggurat
04:52 Halls of the Dead
04:53 Halls of the Dead
05:38 Ziggurat
06:13 Ziggurat
07:21 Slaughterhouse
07:44 Black Citadel
07:44 Black Citadel
08:52 Ziggurat
10:05 Necropolis
10:37 Ziggurat
10:42 Ziggurat
12:14 Halls of the Dead
12:14 Halls of the Dead
13:18 Spirit Tower
13:19 Nerubian Tower
14:56 Black Citadel
15:59 Ziggurat
16:04 Ziggurat
24:09 Sacrificial Pit
» items
| Rod of Necromancy | 1 | |
| Dust of Appearance | 1 | |
| Scroll of Town Portal | 7 | |
9 total

»
regulus (
red | 42 APM | 1042 actions | 24:33)
4 Demon Hunter
2 Mana Burn
2 Evasion
2 Priestess of the Moon
1 Searing Arrows
1 Trueshot Aura
» actions
| Assign group hotkey | 14 | |
| Basic commands | 6 | |
| Build / train | 80 | |
| Enter build submenu | 27 | |
| Enter hero's abilities submenu | 7 | |
| Give item / drop item | 1 | |
| Remove unit from queue | 9 | |
| Right click | 351 | |
| Select / deselect | 315 | |
| Select group hotkey | 151 | |
| Use ability | 81 | |
1042 total
» units
| Wisp | 22 | |
| Archer | 5 | |
| Huntress | 2 | |
| Druid of the Talon | 7 | |
| Dryad | 2 | |
| Druid of the Claw | 8 | |
46 total
» upgrades
| Druid of the Talon Training | 1 | |
| Strength of the Wild | 2 | |
| Abolish Magic | 1 | |
| Reinforced Hides | 2 | |
| Druid of the Claw Training | 2 | |
| Well Spring | 1 | |
| Mark of the Claw | 1 | |
10 total
» buildings
| Altar of Elders | 1 | |
| Moon Well | 6 | |
| Ancient of War | 1 | |
| Hunter's Hall | 1 | |
| Tree of Ages | 1 | |
| Ancient of Lore | 7 | |
| Ancient of Wind | 2 | |
| Tree of Life | 2 | |
| Ancient Protector | 5 | |
| Ancient of Wonders | 1 | |
| Tree of Eternity | 1 | |
28 total
» build order
00:11 Altar of Elders
00:17 Moon Well
00:31 Ancient of War
01:40 Moon Well
02:44 Hunter's Hall
03:46 Tree of Ages
03:52 Moon Well
04:46 Moon Well
06:16 Ancient of Lore
06:19 Ancient of Wind
06:50 Ancient of Wind
07:11 Ancient of Lore
07:23 Tree of Life
08:02 Ancient of Lore
08:45 Moon Well
09:55 Ancient Protector
09:58 Ancient Protector
10:21 Ancient of Wonders
11:46 Tree of Eternity
13:21 Ancient Protector
13:26 Ancient Protector
13:27 Ancient Protector
16:05 Ancient of Lore
16:07 Ancient of Lore
17:10 Moon Well
19:10 Ancient of Lore
19:12 Ancient of Lore
22:46 Tree of Life
» items
| Scroll of Town Portal | 4 | |
| Orb of Venom | 1 | |
5 total
Chat log
(00:28 / Allies) AUDUSD: TC raiders to bats
(00:30 / Allies) Toocold: hi
(00:33 / Allies) Toocold: melee
(00:50 / Allies) pandaren404: dyrads
(08:46 / Allies) pandaren404: wood plz
(08:57 / Allies) pandaren404: ty
(10:20 / Allies) Toocold: tke
(11:14 / Allies) Toocold: b
(11:23 / Allies) Toocold: back
(11:35 / Allies) pandaren404: damn
(11:38 / Allies) pandaren404: im playing on laptop
(12:16 / Allies) pandaren404: brt
(13:40 / Allies) pandaren404: brt
(13:45 / Allies) pandaren404: we need melee
(14:01 / Allies) pandaren404: lets size them up
(14:07 / Allies) pandaren404: go
(14:10 / Allies) pandaren404: get his hall n tp
(14:25 / Allies) pandaren404: get his hero
(14:44 / Allies) pandaren404: get dk
(14:58 / Allies) pandaren404: im out
(15:20 / Allies) pandaren404: not bad
(15:40 / Allies) pandaren404: im going back
(15:53 / Allies) Toocold: yeah me 2
(15:55 / Allies) Toocold: rego soon
(15:59 / All) xLr: u guys are obvious hackers
(16:09 / All) Toocold: I lnow I aint
(16:10 / All) xLr: one of u is
(16:11 / All) Jade: dude sick
(16:23 / All) pandaren404: well im playing on laptop haha
(16:34 / All) Toocold: thatsucks
(16:39 / All) Toocold: if someone is hacking
(16:47 / All) Toocold: the ultimate low
(18:19 / Allies) pandaren404: wait for them
(18:29 / Allies) pandaren404: fight
(19:37 / All) pandaren404: i double clicked tp
(19:38 / All) pandaren404: damn
(19:46 / All) Jade: jeez look at that blatant hacking running right into green and losing my wyverns
(19:56 / All) Jade: i should be banned
(20:06 / All) xLr: stfu one of u are becuz every move we make were getting intercepted or shit
(20:55 / All) Jade: or maybe youre typical trash who jumps to making excuses and blaming hacks/their team when the game isnt going 100% perfect?
(21:01 / All) Jade: i think thaats more likely dude
(21:06 / All) xLr: k.
(21:12 / All) xLr: ive played this since day 1 i know hack
(21:28 / All) Jade: lol
(21:36 / All) Jade: whose the hacker ill tk them
(22:02 / Allies) Toocold: i mass tp
(22:09 / Allies) pandaren404: gang him
(22:09 / Allies) pandaren404: there
(22:21 / Allies) Toocold: u go i mass tp
(23:21 / All) pandaren404: wow wtf
(23:25 / All) pandaren404: misclicked starfall haha
(23:29 / Allies) Toocold: thats a hack
(23:31 / All) pandaren404: oh really?
(23:40 / Allies) Toocold: ofc
(23:49 / All) pandaren404: causes me to starfall?
(24:00 / Allies) Toocold: causes u to misclick
(24:13 / Allies) Toocold: 100 gold
(24:14 / Allies) Toocold: for mine
(24:24 / Allies) Toocold: ty
(24:33 / Allies) Toocold: hit expos
(24:33 / Allies) Toocold: 0
(24:34 / Allies) Toocold: ?
(25:02 / Allies) pandaren404: tp
(25:37 / Allies) Toocold: kill expos
(25:44 / Allies) Toocold: 100 gold pls
(26:05 / All) Jade: stop maphacking pink
(26:09 / All) Jade: stop immediately
(26:10 / Allies) pandaren404: cant underestimate them
(26:25 / Allies) AUDUSD: FIGHT WITH ME
(26:51 / All) Jade: pink stop using your maphack to see where gold mines are on the map
(26:53 / All) Jade: stop
(27:33 / Allies) pandaren404: expo up
(28:58 / Allies) AUDUSD: TEAL
(29:04 / Allies) AUDUSD: you are so bad
(29:39 / Allies) pandaren404: i have starfal
(29:45 / Allies) AUDUSD: you have shit
(29:52 / Allies) AUDUSD: you can not use your shit
(30:45 / All) Jade: wow stop abusing maphack to unsummon mines
(30:49 / Allies) pandaren404: he has no tp
(33:31 / Allies) Toocold: need 100 g
(33:54 / All) TOXlCNARCOTIC: pwn
(37:44 / All) Jade: and so we ride to battle..